 Dungeon Crawl Stone Soup version 0.31.0-32-g396128a36d (webtiles) character file.

Game seed: 4847332672250277082

3028 Fractals the Fighter (level 9, 74/74 HPs)
             Began as a Demonspawn Gladiator on Mar 28, 2024.
             Was a Believer of Kikubaaqudgha.
             Quit the game on level 7 of the Dungeon on Mar 29, 2024.
             The game lasted 00:21:53 (6830 turns).

Fractals the Fighter (Demonspawn Gladiator)         Turns: 6830, Time: 00:21:53

Health: 74/74      AC: 10    Str: 16    XL:     9   Next: 56%
Magic:  16/16      EV: 12    Int: 11    God:    Kikubaaqudgha [**....]
Gold:   415        SH:  0    Dex: 15    Spells: 13/17 levels left

rFire   . . .        e - +2 short sword (venom)
rCold   . . .        (no shield)
rNeg    . . .        o - +0 ring mail
rPois   .            c - +1 helmet
rElec   .            (no cloak)
rCorr   +            E - +1 pair of gloves
SInv    .            (no boots)
Will    .....        (no amulet)
Stlth   ++           A - ring of resist corrosion
HPRegen 0.32/turn    (no ring)
MPRegen 0.30/turn

%: guardian spirit
@: studying Summonings
A: demonic guardian 1, magic shield, magic regeneration, magic link, demonic
touch 1
a: Renounce Religion, Unearth Wretches


You were on level 7 of the Dungeon.
You worshipped Kikubaaqudgha.
Kikubaaqudgha was pleased with you.
You visited 2 branches of the dungeon, and saw 9 of its levels.

You collected 415 gold pieces.

Inventory:

Hand Weapons
 e - a +2 short sword of venom (weapon)
 w - a +0 war axe
 D - a +0 scimitar of flaming
Missiles
 a - 4 javelins
 p - 8 poisoned darts (quivered)
 y - 2 throwing nets
Armour
 c - a +1 helmet (worn)
 d - a +1 robe
 o - a +0 ring mail (worn)
 x - a +0 scale mail
 E - a +1 pair of gloves (worn)
Jewellery
 A - a ring of resist corrosion (left hand)
Wands
 n - a wand of charming (10)
Scrolls
 f - a scroll of butterflies {unknown}
 g - 3 scrolls of enchant armour
 h - a scroll of blinking {unknown}
 j - 3 scrolls of vulnerability {unknown}
 k - a scroll of fear {unknown}
 l - a scroll of immolation {unknown}
 m - 2 scrolls of poison
 r - a scroll of noise {unknown}
 s - a scroll of revelation
 C - a scroll of silence {unknown}
Potions
 b - a potion of might
 i - 2 potions of curing
 t - 2 potions of lignification {unknown}
 u - a potion of berserk rage {unknown}
 v - 2 potions of mutation {unknown}
 z - 2 potions of brilliance {unknown}
 B - a potion of invisibility {unknown}


   Skills:
 - Level 8.0 Fighting
 - Level 2.6 Short Blades
 - Level 2.0 Throwing
 - Level 4.0 Armour
 - Level 4.0 Dodging
 - Level 3.0 Stealth
 + Level 4.8 Spellcasting
 + Level 7.2 Necromancy


You had 13 spell levels left.
You knew the following spells:

 Your Spells              Type           Power      Damage    Failure   Level
a - Necrotise             Necr           72%        1d7       1%          1
b - Vampiric Draining     Necr           18%        2d7       6%          3

Your spell library contained the following spells:

 Spells                   Type           Power      Damage    Failure   Level
 Sublimation of Blood     Necr           18%        N/A       3%          2
 Fugue of the Fallen      Necr           18%        N/A       6%          3


Dungeon Overview and Level Annotations

Branches:
Dungeon (8/15)             Temple (1/1) D:4
   Lair: D:8-11

Altars:
Ashenzari
Cheibriados
Gozag
Hepliaklqana
Kikubaaqudgha
Makhleb
Nemelex Xobeh
Okawaru
Qazlal
Ru
Sif Muna
Trog
Uskayaw
Vehumet
Wu Jian
Xom
Yredelemnul

Annotations:
D:3 2 transporters, Spacecowgir2's ghost, amateur DsGl


Innate Abilities, Weirdness & Mutations

A weak demonic guardian rushes to your aid.
When hurt, damage is shared between your health and your magic reserves.
You regenerate magic rapidly.
When low on magic, you restore magic in place of health.
Your touch may inflict minor irresistible damage on your foes.


Message History

Kikubaaqudgha accepts your kill.
Found a stone.
Things that are here:
a stone; a howler monkey corpse You start resting.
You start resting.
HP restored.
p - 8 poisoned darts (gained 1)
There is an open door here.
You see here a stone.
You see here a stone.
You now have 415 gold pieces (gained 1).
You see here a large rock.
You see here a stone.
You see here a stone.
There is an open door here.
There is an open door here.
Done exploring.
Done exploring.
There is an open door here.
There is an open door here.
There is a stone staircase leading down, spattered with blood here.
You climb downwards.
The orc shouts!
The orc wizard shouts!
The yak bellows!
There is a stone staircase leading up here.
There are monsters nearby!
Saving game... please wait.
Welcome back, Fractals the Demonspawn Gladiator.
Kikubaaqudgha says: Spread unending torment and darkness!
Press ? for a list of commands and other information.
Unknown command.
You climb upwards.
There is a stone staircase leading down, spattered with blood here.
There is an open door here.
There is a stone staircase leading down here.
Saving game... please wait.
Welcome back, Fractals the Demonspawn Gladiator.
Kikubaaqudgha says: Spread unending torment and darkness!
Press ? for a list of commands and other information.
Are you sure you want to abandon this character and quit the game? (Confirm with "yes".)

#.# #.##...##.#
#.#######.#.....#)##
#.#.......##.##.....
#.....##..#####...(#
###.#.##..###.###.##
#.#...........####
#.####..###...# #.
#.####.......#####
#@.....##...###.##
#########.####...#
#.###..#.#
#.#.###..+
##########.#.#....#
#............#.##.#
#.###.##.#.....##..
#.# #.##.#.....##..
#h# #.##...........


There were no monsters in sight!

Vanquished Creatures
  Joseph (D:7)
  Maggie (D:6)
  A troll (D:7)
  A water moccasin (D:7)
  3 ice beasts
  2 ogres
  2 centaurs (D:7)
  3 phantoms
  Blork the orc (D:5)
  A bullfrog (D:6)
  4 scorpions
  3 killer bees (D:7)
  A howler monkey (D:7)
  2 orc priests
  A hound (D:7)
  2 jellies (D:4)
  2 gnoll boudas (D:7)
  A sleepcap (D:7)
  5 orc wizards
  2 iguanas
  6 gnolls
  10 adders
  2 shadow imps
  A white imp (D:7)
  A ribbon worm (D:2)
  A dart slug (D:1)
  22 orcs
  3 bats
  An endoplasm (D:2)
  3 giant cockroaches
  3 goblins
  A hobgoblin (D:4)
  8 jackals
  6 kobolds
  4 quokkas
  4 ball pythons
  5 rats
120 creatures vanquished.

Vanquished Creatures (collateral kills)
  An orc warrior (D:7)
  A gnoll (D:7)
2 creatures vanquished.

Grand Total: 122 creatures vanquished

Notes
Turn   | Place    | Note
-------+----------+-------------------------------------------
     0 | D:1      | Fractals the Demonspawn Gladiator began the quest for the
                  | Orb.
     0 | D:1      | Reached XP level 1. HP: 16/16 MP: 1/1
    88 | D:1      | Reached skill level 1 in Stealth
   158 | D:1      | Discovered your monstrous ancestry.
   158 | D:1      | Gained mutation: Your touch may inflict minor irresistible
                  | damage on your foes. [demonic ancestry]
   158 | D:1      | Reached XP level 2. HP: 19/23 MP: 2/2
   510 | D:2      | Reached XP level 3. HP: 25/28 MP: 3/3
   730 | D:2      | Reached skill level 3 in Fighting
   996 | D:2      | Gained mutation: You regenerate magic rapidly. [demonic
                  | ancestry]
   996 | D:2      | Reached XP level 4. HP: 34/35 MP: 4/4
  1399 | D:3      | Found a transporter.
  1715 | D:3      | Found a transporter.
  1715 | D:3      | Noticed Spacecowgir2's ghost (amateur DsGl)
  2005 | D:4      | Noticed a scorpion
  2013 | D:4      | Killed a scorpion
  2014 | D:4      | Reached XP level 5. HP: 36/41 MP: 5/5
  2122 | D:4      | Noticed an ice beast
  2133 | D:4      | Killed an ice beast
  2134 | D:4      | Reached skill level 4 in Fighting
  2234 | D:4      | Gained mutation: When hurt, damage is shared between your
                  | health and your magic reserves. [demonic ancestry]
  2234 | D:4      | Reached XP level 6. HP: 49/49 MP: 6/6
  2348 | D:4      | Found a staircase to the Ecumenical Temple.
  2372 | D:4      | Reached skill level 5 in Fighting
  2397 | Temple   | Entered the Ecumenical Temple
  2418 | Temple   | Became a worshipper of Kikubaaqudgha
  2785 | D:4      | Reached skill level 1 in Spellcasting
  2927 | D:4      | Gained mutation: A weak demonic guardian rushes to your
                  | aid. [demonic ancestry]
  2927 | D:4      | Reached XP level 7. HP: 56/56 MP: 6/9
  3102 | D:5      | Entered Level 5 of the Dungeon
  3172 | D:4      | Reached skill level 6 in Fighting
  3497 | D:5      | Noticed Blork the orc
  3508 | D:5      | Killed Blork the orc
  3689 | D:5      | Reached * piety under Kikubaaqudgha
  3689 | D:5      | Received a gift from Kikubaaqudgha
  3786 | D:5      | Reached XP level 8. HP: 53/64 MP: 11/14
  4065 | D:6      | Learned a level 1 spell: Necrotise
  4080 | D:6      | Noticed Maggie
  4094 | D:6      | Killed Maggie
  4858 | D:7      | Reached skill level 7 in Fighting
  4940 | D:7      | Noticed a troll
  5118 | D:7      | HP: 3/67 [orc warrior/+0 glaive (8)]
  5360 | D:7      | Gained mutation: When low on magic, you restore magic in
                  | place of health. [demonic ancestry]
  5360 | D:7      | Reached XP level 9. HP: 71/72 MP: 15/15
  5574 | D:7      | Reached skill level 5 in Necromancy
  6018 | D:7      | Noticed Joseph
  6040 | D:7      | Killed Joseph
  6041 | D:7      | Reached skill level 8 in Fighting
  6340 | D:7      | Reached ** piety under Kikubaaqudgha
  6489 | D:7      | Learned a level 3 spell: Vampiric Draining
  6537 | D:7      | Killed a troll
  6652 | D:7      | Found a shimmering altar of Xom.
  6830 | D:7      | Quit the game

Illustrated notes

Levels and vault maps discovered:
D:1:      matt_arrival_diagonals, layout_rooms
D:2:      layout_basic, serial_corexii_hall, corexii_hall_statues_i,
          corexii_hall_statues_x
D:3:      layout_loops_ring, gammafunk_ghost_arena, patterned_corridor
D:4:      layout_basic, minmay_temple_entry_large_hall, serial_rivers,
          chequers_serial_rivers_micro_b, chequers_serial_rivers_small_3,
          chequers_serial_rivers_small_a, chequers_serial_rivers_micro_a
D:5:      layout_rooms, uniq_blork_the_orc
D:6:      layout_basic, uniq_maggie
D:7:      layout_loops_corners, regret_index_xom_buried_treasure,
          minmay_manual_macuahuitl, uniq_joseph
D:8:      layout_cave_pools, serial_park, serial_park_tiny_2,
          serial_park_square3 [serial_park_minivault_5x5_5], serial_park_tiny_1,
          serial_park_square1 [serial_park_minivault_5x5_1], serial_park_tiny_2,
          st_stairs_8
Temple:   regret_index_temple_mists

Skill      XL: |  1  2  3  4  5  6  7  8  9 |
---------------+----------------------------+-----
Stealth        | 1 2 3 |  3.0
Fighting       | 3 4 5 6 7 8 |  8.0
Throwing       | 2 |  2.0
Armour         | 2 3 4 |  4.0
Dodging        | 3 4 |  4.0
Spellcasting   | 1 4 |  4.8
Necromancy     | 4 7 |  7.2
Short Blades   | |  2.6

Action                     |  1- 3 |  4- 6 |  7- 9 || total
---------------------------+-------+-------+-------++-------
  Melee: Rapier            |   102 |    86 |       ||   188
         Touch             |     7 |    24 |    52 ||    83
         Punch             |     1 |       |     1 ||     2
         Short sword       |       |       |   211 ||   211
  Throw: Dart              |     2 |    27 |     8 ||    37
         Throwing net      |     2 |     1 |     2 ||     5
         Javelin           |       |     6 |    13 ||    19
   Cast: Necrotise         |       |       |     5 ||     5
         Vampiric Draining |       |       |     1 ||     1
    Use: Scroll            |     2 |     4 |     5 ||    11
         Potion            |     1 |       |     6 ||     7
   Stab: Sleeping          |     1 |     1 |     1 ||     3
         Held in net/web   |       |     2 |       ||     2
         Distracted        |       |       |     1 ||     1
 Armour: Leather armour    |    23 |       |       ||    23
         Ring mail         |    37 |    41 |   187 ||   265
  Dodge: Dodged            |    65 |    38 |   147 ||   250
